[Event "FIDE Zonal 4-2 Open 2023"]
[Site "Dimbroko"]
[Date "2023.03.29"]
[Round "6.11"]
[White "Semeko, Lumen Paco"]
[Black "Mambe, Lobognon Anderson Ol"]
[Result "0-1"]
[ECO "B01"]
[WhiteElo "1483"]
[BlackElo "1916"]
[Annotator "TA"]
[PlyCount "79"]
[EventDate "2023.03.25"]
[EventType "swiss"]
[EventCountry "IVO"]
[SourceTitle "playchess.com"]
[Source "ChessBase"]
[SourceQuality "1"]
[TimeControl "40/5400+30:1800+30"]

1. e4 d5 2. exd5 Qxd5 3. Nc3 Qd6 4. Nf3 Nc6 5. d4 Bg4 (5... Nf6 $14) 6. Be2 {[%emt 0:00:34] B01: Scandinavian Defence.} (6. Nb5 $16 Qd7 7. Bf4) 6... e6 (6... O-O-O $11) 7. Be3 Nf6 8. O-O {[%emt 0:01:08] [#] White is slightly better.} Nd5 $146 ({Predecessor:} 8... Be7 9. Qd2 O-O 10. Rad1 a6 11. a3 Rad8 12. h3 Bh5 13. Rfe1 Nd5 14. Nxd5 Qxd5 {0-1 Doskocil,K (2157)-Froewis,G (2457) AUT-ch Vor3 Internet blitz 2020 (3)}) 9. Ne4 Qd7 10. c3 (10. c4 $16 Nxe3 11. fxe3) 10... O-O-O (10... f5 $5 11. Nc5 Bxc5 12. dxc5 h6 $11) 11. Bb5 (11. Bg5 $11) 11... f5 $1 $15 12. Nc5 Qe8 (12... Nxe3 $15 13. Nxd7 Nxd1 14. Nxf8 Bxf3 15. Nxe6 Rd6) 13. b4 $2 (13. Nxb7 $14 {keeps the upper hand.} Bxf3 14. Nxd8 {[%mdl 64] Pin} Bxd1 15. Nxc6 (15. Bxc6 $2 {too greedy.} Qxd8 16. Bxd5 exd5 $19)) 13... Nxc3 $19 14. Qd3 (14. Bxc6 {was the only chance.} Qxc6 15. Qd3 Bxf3 16. gxf3) 14... Bxf3 (14... Nxb5 $1 $19 15. Qxb5 Bxc5 16. Qxc5 Bxf3 17. gxf3 Qg6+ 18. Kh1 Qh5) 15. gxf3 $2 (15. Qxc3 $17 {was called for.} Bxc5 16. Bxc6 Qxc6 17. gxf3) 15... Nd5 (15... Qg6+ $142 16. Kh1 Nxb5 17. Qxb5 Bxc5 18. Qxc5 Qh5) 16. Rfd1 Ndxb4 {[%emt 0:01:37] A dynamic duo of knights.} 17. Qc4 Bxc5 18. dxc5 Qg6+ 19. Kh1 Qh5 (19... Rd5 $19 20. Rg1 Qh5) 20. Qxe6+ $17 Kb8 {[%emt 0:00:23] Some like it hot} 21. Be2 ({White should play} 21. Kg2) 21... Nc2 (21... f4 $142 22. Bxf4 Nd5) 22. Rxd8+ $4 (22. Rdb1 $17 Qg6 23. Qb3) 22... Rxd8 $2 (22... Nxd8 $19 23. Qe5 Nxa1 24. Qxa1 Qf7) 23. Rb1 $1 $11 Qe8 (23... Qg6 $11 24. Qb3 N2b4) 24. Qb3 $1 $16 N2b4 {[%emt 0:00:16] [#] And now ...f4 would win.} 25. a3 (25. Bb5 $1 $16) 25... f4 $15 26. axb4 fxe3 27. fxe3 (27. Qxe3 $15 Qg6 28. Rg1) 27... Rd2 28. Rb2 $2 (28. Re1 $17 {was necessary.}) 28... Rxb2 $19 29. Qxb2 Qe5 $2 (29... Qxe3 $19 {[%cal Oc6b4] aiming for ...Nxb4!} 30. Qxg7 a6 31. Qg8+ Ka7) 30. Qxe5 $11 Nxe5 {[%emt 0:00:19][%mdl 4096] Endgame KB-KN} 31. f4 Nc6 32. b5 Na5 (32... Nb4 $5 ) 33. Kg2 Kc8 34. e4 Nb3 35. c6 bxc6 36. bxc6 {[%emt 0:00:11] [#]} (36. Kf2 $1 $15) 36... Nd4 (36... a5 $1 $17 {[%cal Ra5a4] Strongly threatening ...a4.} 37. Bb5 Nd4) 37. Ba6+ {[%emt 0:00:07] Black is slightly better.} Kd8 38. Kf2 Nxc6 39. Ke3 Nb4 40. Be2 {[%emt 0:00:58] Weighted Error Value: White=0.61/Black=0.64} 0-1

[Event "FIDE Zonal 4-2 Open 2023"]
[Site "Dimbroko"]
[Date "2023.03.30"]
[Round "7.1"]
[White "Ortega Amarelle, Mariano"]
[Black "Cogan, Nicolas"]
[Result "1-0"]
[ECO "A45"]
[WhiteElo "2472"]
[BlackElo "2013"]
[Annotator "TA"]
[PlyCount "77"]
[EventDate "2023.03.25"]
[EventType "swiss"]
[EventCountry "IVO"]
[SourceTitle "playchess.com"]
[Source "ChessBase"]
[SourceQuality "1"]
[TimeControl "40/5400+30:1800+30"]

1. d4 Nf6 2. Bf4 e6 3. e3 c5 4. Nd2 Be7 5. c3 O-O 6. Bd3 {[%emt 0:02:32] A45: Trompowsky Attack.} d5 7. Ngf3 b6 8. Ne5 {[%emt 0:02:24] The position is equal.} Bb7 (8... Ba6 {simplifies} 9. Bxa6 Nxa6 10. O-O Nb8) 9. Qf3 Nbd7 10. Qh3 Re8 11. Ndf3 Nxe5 12. Nxe5 g6 (12... Bd6 $14) 13. Bb5 {[%emt 0:01:57] [#] White is much more active.} Nh5 $146 ({Predecessor:} 13... Ne4 14. Nxf7 Qc8 15. Ne5 Rf8 16. Bd7 {1-0 Wittmann,P (2010)-Ahmels,C (2055) Mittelfranken-chTB1 1718 2017 (1.3)}) 14. Bh6 Qd6 15. Bxe8 $18 (15. Qf3 $6 f6 $16) 15... Rxe8 {[%emt 0:00:07] [#]} 16. g4 $1 ({Don't play} 16. Qf3 $6 f6 $16) 16... Ng7 {[%emt 0:00:40] [#]} 17. Qg3 $2 ({Inferior is} 17. Qf3 f6 $11) (17. Bxg7 $1 $18 {is more deadly.} Kxg7 18. Nxf7 {[%mdl 64] Decoy}) 17... f6 $16 18. Nf3 Qd7 19. O-O Bd6 20. Bf4 Bf8 21. h4 Bc8 22. Rfe1 Bb7 23. Rad1 c4 (23... Rd8 $16 {keeps fighting.} 24. Qg2 Be7) 24. a3 Bc6 25. Qg2 Qb7 26. g5 f5 27. Qh2 Be7 28. Bd6 (28. Kg2 $18) 28... Bd8 (28... Bxd6 $14 29. Qxd6 e5) 29. Ne5 $18 Ba4 30. Rd2 Nh5 31. f3 Bc6 (31... Be7 $142) 32. Rde2 Be7 33. Bxe7 Rxe7 34. e4 f4 $2 (34... Be8 {might work better.} 35. exf5 gxf5) 35. Nxc6 Qxc6 36. exd5 Qxd5 37. Qh3 Kf7 38. Re5 Qd6 39. Kg2 {[%emt 0:00:00] Weighted Error Value: White=0.18 (very precise) /Black=0.36} 1-0

[Event "FIDE Zonal 4-2 Open 2023"]
[Site "Dimbroko"]
[Date "2023.03.30"]
[Round "7.2"]
[White "James, Tondo"]
[Black "Abdulraheem Abdulrahman Akinto"]
[Result "0-1"]
[ECO "D03"]
[WhiteElo "1867"]
[BlackElo "2302"]
[Annotator "TA"]
[PlyCount "72"]
[EventDate "2023.03.25"]
[EventType "swiss"]
[EventCountry "IVO"]
[SourceTitle "playchess.com"]
[Source "ChessBase"]
[SourceQuality "1"]
[TimeControl "40/5400+30:1800+30"]

1. d4 Nf6 2. Nf3 e6 3. Bg5 d5 4. e3 c5 5. c3 Nbd7 6. Nbd2 Be7 7. Bd3 O-O 8. O-O b6 9. Rc1 Bb7 10. Re1 {[%emt 0:01:29] D03: 1 d4 d5 2 Nf3 Nf6 3 Bg5, including Torre Attack with early ...d5.} Ne4 11. Bxe7 Qxe7 12. Qc2 {[%emt 0:09:05][%cal Rd2e4] The position is equal.} f5 {[%emt 0:04:47] [#]} 13. g3 $146 (13. Bb5 $11) ({Predecessor:} 13. Nf1 c4 14. Bxe4 fxe4 15. N3d2 e5 16. Ng3 b5 17. b3 Bc6 18. Qd1 Rf6 19. Rf1 exd4 20. exd4 {0-1 Gasperini,A-Mecking,H (2548) Lages JASC 2002 (4)}) 13... Kh8 (13... Bc6 $15) 14. Nh4 ({White should try} 14. Bb5 $11) 14... g5 $15 15. Ng2 Qg7 16. f3 Nd6 {[%emt 0:04:48] Black is more active.} 17. Qa4 e5 18. Kh1 Rf6 ({Better is} 18... e4 $17 19. Be2 exf3 20. Bxf3 a5) 19. Ba6 {[%emt 0:01:24] [#]} b5 $1 20. Bxb5 $11 Nxb5 21. Qxb5 Rb6 {[%emt 0:00:32][%mdl 64] Deflection} 22. Qd3 (22. Qe2 {simplifies} Ba6 23. Qd1 Rxb2 24. Rc2) 22... Rxb2 23. Rb1 $1 e4 $36 {[%emt 0:02:49][%mdl 2048] White is under pressure.} 24. Qe2 Rb6 25. fxe4 (25. f4 $11) 25... fxe4 $17 26. Rb3 {[%emt 0:06:12] [#]} (26. c4 $17) 26... Ba6 $1 $19 27. Qg4 (27. c4 {is a better defense.}) 27... Nf6 28. Qd1 {[%emt 0:04:11] White is weak on the light squares} Qd7 29. dxc5 {[%emt 0:02:32] [#]} Qh3 $1 30. Nf1 (30. Rxb6 $142 axb6 31. Nxe4 dxe4 32. Qd4) (30. cxb6 Ng4) 30... Ng4 (30... Bxf1 31. Rxf1 Ng4 32. Qd4+ $17) 31. Qd4+ $2 ({Avoid the trap} 31. Qxd5 $2 Rf8 32. Qd4+ (32. cxb6 $2 {is a self mate.} Rxf1+ {[%mdl 64] Remove Defender} 33. Rxf1 Qxh2#) 32... Kg8 33. Qd5+ (33. cxb6 $2 Rxf1+ {[%mdl 64] Remove Defender} 34. Rxf1 Qxh2#) 33... Kh8 34. Qd4+ (34. cxb6 $2 {gets mated.} Rxf1+ {[%mdl 64] Remove Defender} 35. Rxf1 Qxh2#) 34... Rbf6 $19) (31. Rxb6 Nf2+ 32. Kg1 Nxd1 33. Rxa6 Nxc3 34. Rf6) 31... Rf6 {[%emt 0:00:31] ( -> ...Bxf1)} 32. Reb1 Bxf1 {[%emt 0:01:30][%csl Gf1][%cal Rh3g2] Black mates.} 33. Rb8+ Rxb8 34. Rxb8+ Kg7 35. Rb7+ Kh6 36. Qxf6+ Nxf6 {[%emt 0:00:18] Ingenious play by Abdulraheem Abdulrahman Akinto!   Weighted Error Value: White=0.70/Black=0.15 (very precise)} 0-1

[Event "FIDE Zonal 4-2 Open 2023"]
[Site "Dimbroko"]
[Date "2023.03.30"]
[Round "7.3"]
[White "Daniel Kolliemelen"]
[Black "Thomas, Saah"]
[Result "1-0"]
[ECO "B22"]
[WhiteElo "1805"]
[BlackElo "1916"]
[Annotator "TA"]
[PlyCount "145"]
[EventDate "2023.03.25"]
[EventType "swiss"]
[EventCountry "IVO"]
[SourceTitle "playchess.com"]
[Source "ChessBase"]
[SourceQuality "1"]
[TimeControl "40/5400+30:1800+30"]

1. d4 c5 2. c3 e6 3. e4 b6 4. Be3 Bb7 5. Nd2 Nf6 6. f3 {[%emt 0:00:58] B22: Sicilian: 2 c3.} cxd4 7. cxd4 Bb4 8. Bd3 {[%emt 0:00:27] White is slightly better.} Nc6 9. Ne2 {[%emt 0:00:38] [#]} d5 $146 ({Predecessor:} 9... Rc8 10. a3 Be7 11. O-O O-O 12. Nc3 d5 13. e5 Nd7 14. f4 f6 15. Qh5 f5 16. Nxd5 {1-0 Lux,W (1996)-Maurer,R (1847) Regionalliga SW 1415 2014 (1.6)}) 10. e5 Nd7 11. O-O f5 ({Black should try} 11... Be7 $14) 12. f4 h6 13. Ng3 (13. g4 $16) 13... h5 14. Nf3 {[%emt 0:01:31] Ng5 is the strong threat.} ({Stronger than} 14. Nxh5 Bxd2 15. Nxg7+ (15. Bxd2 Qh4 $15) 15... Kf7 16. Qxd2 Kxg7 $17) 14... h4 (14... g6 $16) 15. Ne2 (15. Nxf5 $18 exf5 16. Bxf5) 15... Be7 16. a3 a6 (16... Na5 $142) 17. b4 b5 18. Nd2 (18. Ng5 $16 Bxg5 19. fxg5) 18... h3 (18... Nb6 $11) 19. g3 (19. g4 $1 $14 g6 20. Nb3) 19... Qb6 (19... Nb6 $11 {keeps the balance.}) 20. Bf2 (20. Nb3 $16) 20... g5 $2 {[%emt 0:00:03] White now steadily converts the win.} (20... a5 $11) 21. Nb3 (21. g4 $18) 21... Kf7 $2 (21... g4 $16) 22. Nc5 Nf8 (22... Nxc5 {might work better.} 23. bxc5 Qd8) 23. Qc2 Bc8 24. Rac1 {[%emt 0:00:38][%cal Og3g4] And now g4! would win.} Nd8 (24... Bxc5 $142 25. Qxc5 (25. dxc5 Qc7 $18) 25... Qxc5 26. Rxc5 Bd7 27. fxg5 Rc8) 25. Be3 (25. g4 $142) 25... Nh7 $2 (25... g4 {is a better chance.} 26. a4 bxa4 27. Qxa4 Bb7) 26. Qd2 $2 (26. g4) 26... Rg8 $2 (26... g4 27. a4 bxa4) 27. fxg5 $18 Nxg5 28. Nf4 Ne4 (28... Kf8 $142 29. Qe2 Ngf7 30. Nxh3 Nb7) 29. Bxe4 dxe4 {[%emt 0:00:11] [#]} 30. Nxe4 $1 {[%emt 0:01:10][%mdl 512] Excellent horsemanship.} Qb7 (30... Rg4 31. d5) 31. Nc5 Bxc5 32. Rxc5 {[%emt 0:03:03][%cal Of1c1] Rfc1! would be deadly.} Nc6 {[%emt 0:01:59] Black is weak on the dark squares} 33. Nxh3 Ne7 34. Ng5+ Kg6 35. Nh3 $2 (35. g4 $18) 35... Qe4 $2 (35... Kf7 $11 36. Bg5 Nd5) 36. Rf4 Qb1+ 37. Rc1 Qb3 38. Rh4 {[%emt 0:00:21] Threatens to win with Bg5.} Bb7 39. Nf4+ Kf7 40. Rh7+ Rg7 41. Rxg7+ Kxg7 42. Rc7 Qb1+ 43. Qc1 Qe4 44. Rxe7+ Kg8 {[%emt 0:00:01] [#]} 45. Rxb7 $1 Qxb7 46. Nxe6 Qf3 47. Bf2 {[%emt 0:01:47] Threatening mate with Qg5+.} Qh5 48. Qg5+ Qxg5 49. Nxg5 Kg7 50. d5 Kg6 51. Nf3 {[%emt 0:00:00] Hoping for d6.} a5 52. Bc5 {[%emt 0:00:00] Nd4 would kill now.} axb4 53. axb4 {[%emt 0:00:00] White mates.} Kh5 54. h3 Ra3 55. Kf2 Ra2+ 56. Ke3 Kg6 57. Kf4 Rc2 58. Nh4+ Kf7 59. Nxf5 Kg6 60. Ne3 Rf2+ 61. Ke4 Re2 62. h4 Re1 63. g4 Rh1 64. h5+ Kf7 65. Kf5 Rh2 66. e6+ Ke8 67. d6 Rd2 68. h6 Rh2 69. g5 Kd8 70. Bb6+ Kc8 71. d7+ Kb7 72. e7 Rf2+ 73. Ke4 {[%emt 0:00:00] Weighted Error Value: White=1.15/Black=1.00} 1-0

[Event "FIDE Zonal 4-2 Open 2023"]
[Site "Dimbroko"]
[Date "2023.03.30"]
[Round "7.4"]
[White "Bobby Ballah"]
[Black "Nean, Franck Anderson"]
[Result "1-0"]
[ECO "B08"]
[WhiteElo "1914"]
[BlackElo "1851"]
[Annotator "TA"]
[PlyCount "77"]
[EventDate "2023.03.25"]
[EventType "swiss"]
[EventCountry "IVO"]
[SourceTitle "playchess.com"]
[Source "ChessBase"]
[SourceQuality "1"]
[TimeControl "40/5400+30:1800+30"]

1. e4 c6 2. Nc3 d5 3. Nf3 g6 4. d4 Bg7 5. Bd3 dxe4 6. Nxe4 Bg4 7. c3 Nd7 8. h3 Bxf3 9. Qxf3 Ngf6 10. Nxf6+ Nxf6 11. O-O O-O 12. Re1 Re8 {[%emt 0:01:57] B08: Pirc Defence: Classical System.} 13. Bc4 {[%emt 0:02:37][%cal Bd3c4,Bc4b3,Bb3c2][%mdl 32] [#]} b5 $146 ({Predecessor:} 13... Qd7 14. Bg5 Qf5 15. Qxf5 gxf5 16. Re3 e6 17. g4 fxg4 18. hxg4 h6 19. Bh4 Nd5 20. Rf3 {1-0 Aloma Vidal,R (2433)-Benet Catala,A (2160) Andorra op 36th 2018 (2)}) 14. Bb3 ({And not} 14. Bxf7+ Kxf7 15. Qxc6 Qd7 16. Qxd7 Nxd7 $17) 14... Nd5 {[%emt 0:02:42] White is slightly better.} 15. a4 {[%emt 0:04:41] Strongly threatening axb5.} a6 16. Bg5 h6 17. Bh4 g5 (17... Bf6 $14 18. Bg3 Qd7) 18. Bg3 $16 e6 19. Bc2 $36 {[%emt 0:01:31][%mdl 2048] White is on the roll.} Qd7 {[%emt 0:01:15] [#]} (19... b4 $142) 20. h4 $1 f5 21. hxg5 hxg5 22. Be5 (22. Qh5 $18) 22... Qf7 {[%emt 0:03:48] [#] This costs Black the game.} (22... g4 $1 $14 23. Qg3 Rad8) 23. g4 $1 $18 Bxe5 (23... b4 $142 24. Bxg7 (24. gxf5 bxc3 25. bxc3 exf5 $16) 24... Qxg7 25. gxf5 bxc3) 24. Rxe5 Nf4 $2 (24... fxg4 25. Rxg5+ Kf8 26. Qxg4 Qf4) 25. gxf5 Qh7 26. fxe6 Qh4 27. Qg3 Nh3+ 28. Kh2 Qxg3+ 29. Kxg3 g4 30. f3 Rf8 31. Kxg4 Kg7 32. Kxh3 {[%emt 0:00:22][%cal Bg4h3,Bh3g3,Bg3f4,Bf4e3][%mdl 32] White wants to mate with Rg1+.} Rh8+ 33. Kg3 Kf6 34. e7 Rag8+ 35. Kf4 Rh4+ 36. Ke3 {[%emt 0:00:07] Threatening mate with axb5.} Re8 37. axb5 {[%emt 0:00:37] White mates.} Rh2 38. Be4 axb5 39. Bxc6 {[%emt 0:00:14] Weighted Error Value: White=0.14 (very precise) /Black=0.57} (39. Ra6 $142 Rh1 40. Rxc6+ Kg7 41. Rg5+ Kf7 42. Bg6+ Kxe7 43. Re5+ Kd7 44. Bxe8+ Kd8 45. Rd6+ Kc7 46. Rd7+ Kc8 47. Rg7) 1-0

[Event "FIDE Zonal 4-2 Open 2023"]
[Site "Dimbroko"]
[Date "2023.03.30"]
[Round "7.5"]
[White "Ble, Kouko Hubert"]
[Black "Manan, Yoboue Hermann"]
[Result "0-1"]
[ECO "E05"]
[WhiteElo "1825"]
[BlackElo "2015"]
[Annotator "TA"]
[PlyCount "58"]
[EventDate "2023.03.25"]
[EventType "swiss"]
[EventCountry "IVO"]
[SourceTitle "playchess.com"]
[Source "ChessBase"]
[SourceQuality "1"]
[TimeControl "40/5400+30:1800+30"]

1. Nf3 Nf6 2. c4 e6 3. g3 Be7 4. Bg2 d5 5. O-O O-O 6. d4 dxc4 7. Nc3 c5 8. dxc5 Qa5 9. Qd4 Qxc5 10. Qxc5 Bxc5 11. Nd2 {[%emt 0:01:23] E05: Open Catalan: 5 Nf3 Be7.} Nc6 12. Nxc4 Rd8 13. Bg5 {[%emt 0:05:43] White is slightly better.} Bd7 {[%emt 0:01:17] [#]} 14. Rac1 $146 ({Predecessor:} 14. Rad1 Be7 15. Bf4 Be8 16. Bd6 Bxd6 17. Nxd6 Rab8 18. b3 Kf8 19. Nxe8 Kxe8 20. Nb5 Rxd1 21. Rxd1 {1-0 Chan,K (2019)-Taylor,R (1888) NZL-ch op 123rd 2016 (5)}) 14... Be8 15. a3 Be7 (15... h6 $5 16. Bf4 g5 $11) 16. b4 Rac8 17. Nb2 {[%emt 0:04:01] [#]} (17. Bxc6 $11 {keeps the balance.} Bxc6 18. Na5) 17... a5 (17... Nd4 $1 $17 {[%cal Oc8c3] ...Rxc3! is the strong threat.} 18. Rfe1 Nb3) 18. Nd3 {[%emt 0:03:49] [#]} (18. Be3 $11) 18... Nd4 $1 $17 19. Rfe1 Bc6 (19... Nb3 $17 20. Rc2 Rd7) 20. Bxc6 ({White should try} 20. Be3 $15) 20... Rxc6 21. b5 Rcc8 {[%emt 0:02:30] Black has more active pieces.} 22. a4 {[%emt 0:00:22][%mdl 8192] This move loses the game for White.} (22. Ne4 $17) 22... Ba3 $19 23. Ne4 Nxe4 24. Rxc8 (24. Bxd8 $142 Bxc1 25. Bxa5) 24... Rxc8 {[%emt 0:00:34] Black is clearly winning.} 25. Be3 Nc2 26. Rf1 Nxe3 27. fxe3 f5 28. Nf4 Kf7 29. Rd1 Rc1 {[%emt 0:00:13] Weighted Error Value: White=0.78/Black=0.15 (very precise)} 0-1

[Event "FIDE Zonal 4-2 Open 2023"]
[Site "Dimbroko"]
[Date "2023.03.30"]
[Round "7.6"]
[White "Amako Marc Arnold"]
[Black "Barcon, Harmon"]
[Result "1/2-1/2"]
[ECO "C41"]
[WhiteElo "1647"]
[BlackElo "1928"]
[Annotator "TA"]
[PlyCount "93"]
[EventDate "2023.03.25"]
[EventType "swiss"]
[EventCountry "IVO"]
[SourceTitle "playchess.com"]
[Source "ChessBase"]
[SourceQuality "1"]
[TimeControl "40/5400+30:1800+30"]

1. e4 e5 2. Nf3 d6 3. d4 exd4 4. Nxd4 Nf6 5. Nc3 Be7 6. Bf4 a6 {[%emt 0:00:10] C41: Philidor Defence.} 7. Qd2 b5 8. a3 {[%emt 0:02:20] [#]} c5 $146 ({Predecessor:} 8... O-O 9. O-O-O Bb7 10. f3 Nh5 11. Be3 Nc6 12. g4 Nxd4 13. Qxd4 Nf6 14. Qd2 Nd7 {0-1 Jallah,J-Harmon,B (1794) Monrovia zt 4.4 2017 (7)}) 9. Nde2 Ra7 10. g3 Be6 11. Bg2 O-O 12. O-O Qb6 13. Rad1 Rd8 14. h3 Nc6 15. Be3 Ne5 16. Qc1 a5 17. b3 (17. a4 $14) 17... Bc8 (17... b4 $11 18. Na4 Qb5) 18. Nf4 {[%emt 0:00:23] Threatens to win with Nfd5.} Be6 19. Nfd5 Bxd5 20. Nxd5 Nxd5 21. Rxd5 b4 22. f4 (22. a4 $16) 22... Nc6 $11 23. a4 Bf6 {[%emt 0:00:08] [#]} 24. e5 $1 Be7 25. Rfd1 dxe5 26. fxe5 Nd4 27. Qd2 {[%emt 0:01:02][%cal Re3d4] Dodges Ne2+} Rxd5 28. Bxd5 Rd7 29. Qg2 Qd8 30. Bc4 {[%emt 0:03:15] This pair of bishops is nice.} Nf3+ {[%emt 0:16:16][%mdl 64] Discovered Attack} 31. Qxf3 Rxd1+ 32. Kg2 Kh8 33. Bd3 ({White should play} 33. Qxf7 $14 Qa8+ 34. Kf2) 33... Rxd3 34. cxd3 {[%emt 0:00:26][%mdl 4096] Endgame KQB-KQB} Kg8 35. Qe4 Qb6 (35... Qc8 $11) 36. Qa8+ $14 Bf8 37. Bg5 $2 (37. Kf2 $14 {keeps the upper hand.}) 37... Qe6 $1 $19 38. Qb8 (38. g4 {was called for.}) 38... h6 (38... Qxb3 39. Be7 Qc2+ 40. Kh1 Qd1+ 41. Kh2 Qe2+ 42. Kg1 Qe1+ 43. Kg2 Qe2+ 44. Kg1 Qe1+ 45. Kg2 Qe2+ 46. Kg1 $11) 39. Bd8 g5 $2 (39... Qxb3 $19 40. Be7 Kh7 41. Qxf8 Qd5+ 42. Kh2 b3) 40. Bc7 $2 {[%emt 0:01:08][%mdl 8192] [#] Active counter play!} (40. Bf6 $11 {and White is okay.}) 40... Kg7 $1 ({And not} 40... Qxb3 41. Bd6 $11) 41. Bd6 Be7 (41... Bxd6 $19 42. Qxd6 Qxb3) 42. Qc7 $11 {[%emt 0:00:38][%csl LRa5,LRc5,LRe7] The position is equal.} Qd5+ 43. Kh2 Bf8 44. Qd8 Bxd6 (44... Qxd3 {gets mated.} 45. Bxf8+ Kg8 46. Qxd3 Kxf8 47. Qd8+ Kg7 48. Qxa5 c4 49. Qxb4 cxb3 50. a5) 45. Qf6+ Kf8 46. exd6 Qd4 47. Qe7+ {[%emt 1:00:46] White happily takes the draw.   Weighted Error Value: White=0.51/Black=0.31} 1/2-1/2

[Event "FIDE Zonal 4-2 Open 2023"]
[Site "Dimbroko"]
[Date "2023.03.30"]
[Round "7.7"]
[White "Kennedy Zinnah Kengo"]
[Black "Harold Evans"]
[Result "1/2-1/2"]
[ECO "B01"]
[WhiteElo "1785"]
[BlackElo "1714"]
[Annotator "NA RC COMBH"]
[PlyCount "127"]
[EventDate "2023.03.25"]
[EventType "swiss"]
[EventCountry "IVO"]
[SourceTitle "playchess.com"]
[Source "ChessBase"]
[SourceQuality "1"]
[TimeControl "40/5400+30:1800+30"]

1. e4 d5 2. exd5 Qxd5 3. Nc3 Qd6 4. d4 Nf6 5. Nf3 Bg4 6. h3 Bh5 7. Bb5+ c6 8. Ba4 Nbd7 9. Be3 e6 10. a3 Be7 11. Bb3 Nb6 12. O-O Bd8 13. Re1 Bc7 14. d5 Nfxd5 15. Bxd5 Nxd5 16. Ne4 Qe7 17. Bc5 Qd7 18. c4 Nb6 19. Qc2 Bxf3 20. gxf3 O-O-O 21. Rad1 Qe8 22. Bd6 f5 23. Bxc7 Kxc7 24. Nc5 Qg6+ 25. Kh2 Rhe8 26. Rxd8 Kxd8 27. Nxb7+ Kc7 28. Nc5 Qh6 29. Qc3 Qf4+ 30. Kg2 e5 31. Qa5 Kb8 32. Rd1 e4 33. fxe4 fxe4 34. Nd7+ Kb7 35. Nc5+ Ka8 36. Rd2 Qg5+ 37. Kh1 e3 38. Re2 Qh5 39. Rxe3 Rxe3 40. fxe3 Qxh3+ 41. Kg1 Qxe3+ 42. Kg2 Qg5+ 43. Kf2 Nxc4 44. Qb4 Qd2+ 45. Qxd2 Nxd2 46. b3 Nb1 47. a4 Nc3 48. Ne6 g6 49. Nf8 Ne4+ 50. Ke3 Nf6 51. Kf4 Kb7 52. Ke5 Nd5 53. Nxh7 Kb6 54. Kd4 a5 55. Ng5 Nc7 56. Kc4 Na6 57. Ne6 c5 58. Ng5 Kc6 59. Ne4 Kb6 60. Kd5 Kc7 61. Nd2 g5 62. Nc4 Nb4+ 63. Kxc5 g4 64. Kd4 1/2-1/2

[Event "FIDE Zonal 4-2 Open 2023"]
[Site "Dimbroko"]
[Date "2023.03.30"]
[Round "7.8"]
[White "De Gondo, Simplice Armel"]
[Black "David Leroy Debblay"]
[Result "1-0"]
[ECO "D34"]
[WhiteElo "2086"]
[BlackElo "1823"]
[Annotator "TA"]
[PlyCount "87"]
[EventDate "2023.03.25"]
[EventType "swiss"]
[EventCountry "IVO"]
[SourceTitle "playchess.com"]
[Source "ChessBase"]
[SourceQuality "1"]
[TimeControl "40/5400+30:1800+30"]

1. d4 Nf6 2. c4 e6 3. Nf3 d5 4. g3 c5 5. cxd5 exd5 6. Bg2 Be6 7. O-O Nc6 8. Nc3 Be7 9. dxc5 Bxc5 10. Bg5 Be7 11. Nd4 O-O 12. Rc1 Rc8 {[%emt 0:03:28] D34: Tarrasch Defence: 6 g3 Nf6 7 Bg2 Be7.} (12... Qd7 $14) 13. Nxc6 ({Only move:} 13. Nxe6 $1 $18 fxe6 14. Bh3) 13... bxc6 $11 14. Na4 h6 {[%emt 0:02:46] The position is equal.} 15. Be3 Qa5 16. Bc5 Bxc5 17. Rxc5 {[%emt 0:00:02] [#]} Qd8 $146 ({Predecessor:} 17... Qb4 18. a3 Qb7 19. b4 Nd7 20. Rc1 a5 21. Qd2 axb4 22. axb4 Rb8 23. Nc5 Nxc5 24. Rxc5 Qb6 25. Rfc1 Rfc8 26. e4 {½-½ Rouast,J (1648)-Verat Fayolle,C (1935) Montigny le Bretonneux Noel op 19th 2018 (6)}) 18. b3 Qd6 19. Qd4 Rc7 20. Rfc1 Rfc8 21. Ra5 Qe7 22. b4 Bf5 23. e3 Ne4 24. Nc5 Nd6 25. Nb3 Nb5 26. Qf4 Be6 27. a3 g5 28. Qe5 Nd6 29. Rac5 {[%emt 0:00:44] White has more active pieces.} Nc4 {[%emt 0:00:39] [#] Prevents Na5.} 30. R1xc4 dxc4 ({Don't play} 30... f6 31. Qxc7 Qxc7 32. Rc2 $16) 31. Nd4 Qd7 $2 {[%emt 0:05:53][%mdl 8192] [#] Loses the game.} (31... a6 $11) 32. Qf6 $1 $18 Qe7 33. Qxh6 f6 34. Nxe6 ({Weaker is} 34. Rxc6 Rxc6 35. Bxc6 Qh7 36. Qxh7+ (36. Qxf6 Rxc6 37. Qxg5+ Kf7 $14) 36... Kxh7 $14) 34... Qxe6 35. Rxg5+ fxg5 36. Qxe6+ Kg7 37. Qf5 (37. Bh3 $142 Rf8 38. Qe5+ Rf6 39. Qxc7+ Rf7 40. Qxc6 a6 41. Qxc4 Rf8 42. Qd5) 37... c5 38. Qxg5+ {[%emt 0:00:06] White mates.} Kf8 39. b5 c3 40. Qf6+ Ke8 41. Qxc3 c4 42. Bc6+ Rxc6 43. bxc6 Rxc6 44. h4 {[%emt 0:38:06] Weighted Error Value: White=0.19 (very precise) /Black=0.56} 1-0

[Event "FIDE Zonal 4-2 Open 2023"]
[Site "Dimbroko"]
[Date "2023.03.30"]
[Round "7.9"]
[White "Egbe, Kossi Thierry"]
[Black "KONAN KOUASSI AUGUSTIN"]
[Result "1-0"]
[ECO "C01"]
[WhiteElo "1740"]
[BlackElo "1775"]
[Annotator "NA RC COMBH"]
[PlyCount "101"]
[EventDate "2023.03.25"]
[EventType "swiss"]
[EventCountry "IVO"]
[SourceTitle "playchess.com"]
[Source "ChessBase"]
[SourceQuality "1"]
[TimeControl "40/5400+30:1800+30"]

1. e4 e6 2. d4 c6 3. Nf3 d6 4. Bd3 Nd7 5. O-O e5 6. c3 Ngf6 7. Ne1 g6 8. f4 Qb6 9. Nc2 Bg7 10. Kh1 O-O 11. Nd2 exf4 12. Nc4 Qc7 13. Bxf4 Ne8 14. N2e3 b5 15. Nd2 Ndf6 16. Qf3 Nh5 17. Bg5 a6 18. Ng4 f6 19. Nh6+ Kh8 20. Be3 Bxh6 21. Bxh6 Rf7 22. g4 Nhg7 23. Qg3 Qd7 24. h3 Ne6 25. Rf2 g5 26. Raf1 Nf4 27. Rxf4 gxf4 28. Bxf4 h5 29. Qh4 Ng7 30. Bh6 hxg4 31. Rxf6 g3 32. Be3+ Kg8 33. Rh6 Nh5 34. Rxh5 Rh7 35. Bh6 Qe7 36. e5 Qxh4 37. Bxh7+ Kxh7 38. Rxh4 dxe5 39. Bf4+ Kg6 40. Bxe5 Bb7 41. Kg2 c5+ 42. Kxg3 cxd4 43. Bxd4 Re8 44. Rg4+ Kh5 45. Rg7 Bd5 46. Nf3 Bxa2 47. Ne5 Bb1 48. h4 Re6 49. Rg5+ Kh6 50. Nf7+ Kh7 51. Rg7# 1-0